 Dungeon Crawl Stone Soup version 0.30-a0-881-g1ff12e1e11 (webtiles) character file.

Game seed: 14762682523628488593

13568 Dittersdorf the Protected (level 12, -3/80 HPs)
             Began as a Gargoyle Fighter on Mar 14, 2023.
             Was a High Priest of Okawaru.
             Slain by a blink frog (11 damage)
             ... on level 1 of the Lair of Beasts.
             The game lasted 00:20:53 (12373 turns).

Dittersdorf the Protected (Gargoyle Fighter)       Turns: 12373, Time: 00:20:53

Health: -3/80      AC: 45    Str: 25    XL:     12   Next: 7%
Magic:  21/21      EV:  5    Int: 12    God:    Okawaru [*****.]
Gold:   736        SH: 12    Dex: 15    Spells: 9/11 levels left

rFire   . . .      SeeInvis .    a - +0 flail
rCold   . . .      Faith    .    c - +0 buckler
rNeg    + . .      Spirit   .    w - +8 orange crystal plate armour {Archmagi, Int+3 Clar}
rPois   ∞          Reflect  +    q - +2 helmet
rElec   +          Rampage  .    j - +0 cloak
rCorr   .          Archmagi +    n - +0 pair of gloves
Will    .....      Clarity  +    s - +0 pair of boots Stlth
                                 e - amulet of reflection
HPRegen 0.33/turn                p - ring of magical power
MPRegen 0.17/turn                u - +6 ring of dexterity

@: studying Maces & Flails
A: sickness immunity, AC +8, negative energy resistance 1, electricity
resistance, torment resistance 1, petrification resistance
a: Renounce Religion, Heroism, Finesse, Duel


You were on level 1 of the Lair of Beasts.
You worshipped Okawaru.
Okawaru was extremely pleased with you.
You visited 3 branches of the dungeon, and saw 13 of its levels.
You also visited: Sewer.

You collected 736 gold pieces.

Inventory:

Hand Weapons
 a - a +0 flail (weapon)
Missiles
 v - 4 curare-tipped darts (quivered)
Armour
 c - a +0 buckler (worn)
 j - a +0 cloak (worn)
 n - a +0 pair of gloves (worn)
 q - a +2 helmet (worn)
 s - a +0 pair of boots (worn)
 w - the +8 orange crystal plate armour (worn) {Archmagi, Int+3 Clar}
   (You acquired it on level 7 of the Dungeon)

   Int:       It affects your intelligence (+3).
   Clar:      It protects you against confusion.
Magical Staves
 B - a staff of earth
Jewellery
 e - an amulet of reflection (around neck)
 p - a ring of magical power (left hand)
 u - a +6 ring of dexterity (right hand)
 H - a ring of ice
 I - a ring of wizardry
Wands
 y - a wand of quicksilver (9)
 C - a wand of digging (8)
 E - a wand of flame (22)
 G - a wand of paralysis (6)
Scrolls
 f - 2 scrolls of enchant armour
 h - 3 scrolls of poison
 i - 6 scrolls of teleportation
 l - 2 scrolls of blinking
 r - 3 scrolls of fear
 t - 2 scrolls of silence
 A - 2 scrolls of enchant weapon {unknown}
 J - 2 scrolls of fog {unknown}
 K - a scroll of brand weapon {unknown}
 M - a scroll of butterflies {unknown}
Potions
 b - 2 potions of haste
 d - 4 potions of might
 g - a potion of brilliance
 k - a potion of berserk rage
 m - a potion of magic
 o - 2 potions of curing
 x - 2 potions of heal wounds {unknown}
 z - a potion of cancellation
 D - a potion of mutation
 F - 3 potions of resistance
 L - a potion of invisibility


   Skills:
 + Level 11.0 Fighting
 + Level 10.6 Maces & Flails
 + Level 11.1 Armour
 + Level 11.0 Shields


You had 9 spell levels left.
You knew the following spells:

 Your Spells              Type           Power      Damage    Failure   Level
a - Passwall              Tmut/Erth      0%         N/A       100%        2

Your spell library contained the following spells:

 Spells                   Type           Power      Damage    Failure   Level
 Apportation              Tloc           0%         N/A       100%        1
 Magic Dart               Conj           0%         1d3       100%        1
 Necrotise                Necr           0%         1d4       100%        1
 Sandblast                Erth           0%         2d4       100%        1
 Shock                    Conj/Air       0%         1d3       100%        1
 Blink                    Tloc           0%         N/A       100%        2
 Lesser Beckoning         Tloc           0%         N/A       100%        2
 Momentum Strike          Conj/Tloc      0%         3d8       100%        2
 Searing Ray              Conj           0%         2d4       100%        2
 Stone Arrow              Conj/Erth      0%         3d7       100%        3
 Swiftness                Air            0%         N/A       100%        3
 Airstrike                Air            0%         2d(0-16)  100%        4
 Fulminant Prism          Conj/Hex       0%         3d5       100%        4
 Summon Small Mammal      Summ           Unusable   N/A       N/A         1

Dungeon Overview and Level Annotations

Branches:
Dungeon (11/15)            Temple (1/1) D:4            Lair (1/5) D:11
    Orc (0/2) D:9           Sewer (visited)

Altars:
Ashenzari
Cheibriados
Dithmenos
Elyvilon
Fedhas
Gozag
Hepliaklqana
Kikubaaqudgha
Makhleb
Nemelex Xobeh
Okawaru
Qazlal
Ru
Sif Muna
Trog
Uskayaw
Vehumet
Wu Jian
Xom
Yredelemnul
Zin
The Shining One

Shops:
D:11 :


Innate Abilities, Weirdness & Mutations

You are immune to sickness and miasma.
Your stone body is resilient. (AC +8)
You are immune to poison.
You resist negative energy. (rN+)
You are resistant to electric shocks. (rElec)
You are resistant to unholy torment.
You are immune to petrification.


Message History

The blink frog hits you but does no damage.
You hit the komodo dragon.
The komodo dragon is severely wounded.
You block the fire bat's attack.
The komodo dragon bites you but does no damage.
The blink frog hits you but does no damage.
The blink frog attacks as you move away!
The blink frog hits you but does no damage.
The komodo dragon attacks as you move away!
You block the komodo dragon's attack.
The fire bat bites you but does no damage.
You block the fire bat's attack.
The blink frog hits you but does no damage.
The fire bat barely misses you.
The blink frog attacks as you move away!
The blink frog hits you but does no damage.
You block the fire bat's attack.
The fire bat bites you but does no damage. x2
The blink frog hits you but does no damage.
You barely miss the fire bat.
The fire bat bites you but does no damage.
The fire bat barely misses you.
The blink frog hits you but does no damage.
The fire bat attacks as you move away!
The fire bat bites you but does no damage.
The komodo dragon attacks as you move away!
The komodo dragon bites you but does no damage.
You block the fire bat's attack.
The fire bat bites you but does no damage.
You block the blink frog's attack. You block the fire bat's attack.
The fire bat bites you.
* * * LOW HITPOINT WARNING * * *
You are engulfed in flames.
* * * LOW HITPOINT WARNING * * *
The fire bat attacks as you move away! You block the fire bat's attack.
The blink frog attacks as you move away!
The blink frog hits you!
* * * LOW HITPOINT WARNING * * *
The fire bat barely misses you. The blink frog hits you!
You die...

#.... #........##..### ##..
##.....P##P...P# #
#.......##....## #
#...†...#.....## #
#..............# #
#.............## #
#..............# #
#.............## ##.......@b...#
#........bFl..#####
#..............#P#P#
#...................## .
###.....................## .#
#........................###.#
###............?...............#.
P#...............................
................................≈


You could see a komodo dragon, a blink frog and 2 fire bats.

Vanquished Creatures
  Erica (D:8)
  A two-headed ogre (D:10)
  An ugly thing (D:11)
  A manticore (D:11)
  A cyclops (D:11)
  3 elephants (D:11)
  Joseph (D:8)
  A torpor snail (Lair:1)
  A cane toad (Lair:1)
  2 rime drakes
  An unseen horror (D:10)
  A troll (D:11)
  2 polar bears
  4 blink frogs
  4 wraiths
  A steam dragon (D:9)
  4 vampire mosquitoes (D:10)
  2 acid dragons
  4 water moccasins
  6 orc warriors
  3 ice beasts
  2 black bears
  An ogre (D:6)
  3 centaurs
  4 wolves (D:11)
  6 kobold brigands
  2 phantoms (D:5)
  A gnoll sergeant (D:7)
  7 bullfrogs
  7 scorpions
  14 wights
  11 killer bees (D:9)
  2 howler monkeys
  An electric eel (D:10)
  A gnoll bouda (D:4)
  4 hounds
  8 orc priests
  4 orc wizards
  11 gnolls
  8 adders
  A river rat (D:3)
  2 shadow imps
  A white imp (D:8)
  An ufetubus (D:6)
  3 worms (D:2)
  A dart slug (D:3)
  34 orcs
  17 ball pythons
  12 endoplasms
  15 giant cockroaches
  6 hobgoblins
  2 jackals (D:2)
  48 kobolds
  15 quokkas
  3 bats
  10 frilled lizards
  9 goblins
  6 rats
328 creatures vanquished.

Vanquished Creatures (others)
  A fungus (Lair:1)
  36 plants
  4 toadstools (D:1)
41 creatures vanquished.

Grand Total: 369 creatures vanquished

Notes
Turn   | Place    | Note
-------+----------+-------------------------------------------
     0 | D:1      | Dittersdorf the Gargoyle Fighter began the quest for the
                  | Orb.
     0 | D:1      | Reached XP level 1. HP: 14/14 MP: 1/1
   189 | D:1      | Reached XP level 2. HP: 19/19 MP: 2/2
   518 | D:2      | Reached XP level 3. HP: 23/23 MP: 3/3
   961 | D:2      | Reached XP level 4. HP: 19/29 MP: 4/4
  1066 | D:2      | Found an iron altar of Okawaru.
  1074 | D:2      | Became a worshipper of Warmaster Okawaru
  2036 | D:3      | Reached XP level 5. HP: 24/33 MP: 5/5
  2048 | D:3      | Found a glowing drain.
  2055 | Sewer    | Entered a sewer
  2350 | Sewer    | Reached XP level 6. HP: 23/39 MP: 6/6
  3266 | D:4      | Reached skill level 5 in Fighting
  3266 | D:4      | Reached skill level 5 in Armour
  3266 | D:4      | Reached skill level 5 in Shields
  3306 | D:4      | Reached * piety under Okawaru
  3307 | D:4      | Reached XP level 7. HP: 44/44 MP: 7/7
  3602 | D:4      | Found a staircase to the Ecumenical Temple.
  3612 | D:4      | Learned a level 2 spell: Passwall
  3624 | Temple   | Entered the Ecumenical Temple
  4088 | D:5      | Entered Level 5 of the Dungeon
  4101 | D:5      | Identified the +1 chain mail of the Squeaky God {rN+ Regen+
                  | Int+2}
  4581 | D:5      | Reached XP level 8. HP: 50/51 MP: 8/8
  4754 | D:5      | Reached skill level 5 in Maces & Flails
  4789 | D:5      | Found a shimmering blue altar of Sif Muna.
  5410 | D:6      | Found a blossoming altar of Fedhas.
  5420 | D:6      | Found a bloodstained altar of Trog.
  5492 | D:6      | Reached ** piety under Okawaru
  6211 | D:7      | Reached XP level 9. HP: 33/56 MP: 9/9
  6236 | D:7      | Identified a scroll of acquirement
  6237 | D:7      | Acquired the +8 orange crystal plate armour {Archmagi,
                  | Int+3 Clar}
  6237 | D:7      | Found the +8 orange crystal plate armour {Archmagi, Int+3
                  | Clar}
  6400 | D:7      | Reached *** piety under Okawaru
  6764 | D:8      | Noticed Erica
  6905 | D:8      | Killed Erica
  7243 | D:8      | Reached **** piety under Okawaru
  7352 | D:8      | Noticed Joseph
  7379 | D:8      | Killed Joseph
  7614 | D:8      | Reached XP level 10. HP: 60/64 MP: 10/10
  8171 | D:9      | Identified the +0 spear "Anuzaxep" {heavy, Dex+3}
  8287 | D:9      | Found a burning altar of Makhleb.
  8857 | D:9      | Found a staircase to the Orcish Mines.
  9046 | D:9      | Found a sacrificial altar of Ru.
  9260 | D:10     | Entered Level 10 of the Dungeon
  9634 | D:10     | Noticed a two-headed ogre
  9660 | D:10     | Killed a two-headed ogre
  9660 | D:10     | Reached ***** piety under Okawaru
  9683 | D:10     | Found an ancient bone altar of Kikubaaqudgha.
  9684 | D:10     | Found a glowing silver altar of Zin.
  9758 | D:10     | Reached XP level 11. HP: 70/71 MP: 11/11
 10288 | D:11     | Noticed a manticore
 10401 | D:11     | Killed a manticore
 10402 | D:11     | Reached skill level 10 in Armour
 10402 | D:11     | Reached skill level 10 in Shields
 10636 | D:11     | Noticed a brown ugly thing
 10671 | D:11     | Killed a brown ugly thing
 10672 | D:11     | Reached skill level 10 in Fighting
 10699 | D:11     | Found a staircase to the Lair.
 10758 | D:11     | Acquired a manual of Maces & Flails
 10844 | D:11     | Noticed a cyclops
 10855 | D:11     | Killed a cyclops
 10964 | D:11     | Identified the +5 trident of the Onslaught {freeze, Int+4}
 11047 | D:11     | Found Ijaowk's Book Emporium.
 11769 | Lair:1   | Entered Level 1 of the Lair of Beasts
 11837 | D:11     | Received a gift from Okawaru
 11904 | D:11     | Reached skill level 10 in Maces & Flails
 12291 | Lair:1   | Reached XP level 12. HP: 76/79 MP: 12/12
 12373 | Lair:1   | Slain by a blink frog

Illustrated notes

Levels and vault maps discovered:
D:1:      ldierk_walled_garden_2, layout_rooms, roderic_serpentine_path
D:2:      layout_basic, basic_altar
D:3:      layout_basic, portal_sewer_entry_e
D:4:      layout_basic, minmay_temple_entry_slanted,
          minmay_misc_feat_more_columns
D:5:      kennysheep_kobold_camp, layout_loops_ring,
          mainiacjoe_overflow_chevrons
D:6:      layout_gridville, grunt_temple_overflow_open, nrook_loot_triangle
D:7:      layout_cave_pools, serial_glass, glass_columns_a, glass_columns_b
D:8:      layout_loops_cross, serial_aquarium, aquarium_bridge_square
          [aquarium_subvault_window, aquarium_subvault_bridge,
          aquarium_subvault_bridge, aquarium_subvault_window],
          aquarium_bridge_square [aquarium_subvault_bridge,
          aquarium_subvault_balcony, aquarium_subvault_bridge,
          aquarium_subvault_wall], aquarium_window_fake, aquarium_window_2,
          aquarium_window_1, aquarium_window_3, aquarium_view_2d, uniq_joseph,
          uniq_erica
D:9:      layout_loops_ring, mainiacjoe_overflow_catch_the_wave, david_orc_5
D:10:     layout_loops_cross, nicolae_overflow_squiral,
          chequers_serial_rivers_room_b
D:11:     layout_long_grid, hellmonk_lair_entry_icy, serial_shops, shop
Temple:   nicolae_temple_no_exploring_needed
Lair:1:   layout_gridlike, amcnicky_mini_pool_medium, uniq_fannar

Skill      XL: |  1  2  3  4  5  6  7  8  9 10 11 12 |
---------------+-------------------------------------+-----
Shields        | 4 5 7 8 9 10 11 | 11.0
Fighting       | 4 5 6 8 9 10 11 | 11.0
Armour         | 4 5 6 8 9 10 11 | 11.1
Maces & Flails | 3 4 5 7 8 10 | 10.6

Action                     |  1- 3 |  4- 6 |  7- 9 | 10-12 || total
---------------------------+-------+-------+-------+-------++-------
  Melee: Flail             |   137 |   292 |   547 |   962 ||  1938
  Throw: Dart              |       |       |     2 |     2 ||     4
 Invoke: Heroism           |       |       |       |     6 ||     6
    Use: Scroll            |       |    12 |     6 |     6 ||    24
         Potion            |       |       |       |     5 ||     5
 Armour: Scale mail        |    67 |   152 |    25 |       ||   244
         Chain mail        |       |       |   285 |       ||   285
         Crystal plate arm |       |       |   148 |   927 ||  1075
  Dodge: Dodged            |    55 |   134 |   198 |   179 ||   566
  Block: Buckler           |    85 |   175 |   384 |   722 ||  1366
         Reflection        |     1 |     1 |     8 |     4 ||    14

Table legend: (Time is in decaauts)
 A = Elapsed time spent in this place.
 B = Non-inter-level travel time spent in this place.
 C = Inter-level travel time spent in this place.
 D = Time resting spent in this place.
 E = Time spent auto-exploring this place.
 F = Levels seen in this place.
 G = Mean time per level.
                   A        B        C        D        E       F      G
               +--------+--------+--------+--------+--------+-----+--------+
         Total |  12686 |  12039 |    647 |    897 |   7634 |  14 |  906.1 |
       Dungeon |  11852 |  11206 |    646 |    753 |   7419 |  11 | 1077.5 |
        Temple |      1 |      1 |      0 |      0 |      0 |   1 |    1.0 |
          Lair |    258 |    258 |      0 |      0 |    126 |   1 |  258.0 |
         Sewer |    573 |    573 |      0 |    144 |     88 |   1 |  573.0 |
               +--------+--------+--------+--------+--------+-----+--------+

Top non-repeatable levels by time:
    D:11: 1752 daAuts
     D:5: 1325 daAuts
     D:9: 1288 daAuts
     D:3: 1141 daAuts
    D:10: 1126 daAuts
     D:2: 1064 daAuts
     D:4: 1049 daAuts
     D:8: 1018 daAuts
     D:7: 832 daAuts
     D:6: 785 daAuts
   Sewer: 573 daAuts
     D:1: 467 daAuts
  Lair:1: 258 daAuts
  Temple: 1 daAuts
